 Dungeon Crawl Stone Soup version 0.30.1-11-g7821555f0a (webtiles) character file.

Game seed: 10035005254785201240

4240 Steppenwulf the Cleaver (level 10, -3/86 HPs)
             Began as a Minotaur Fighter on Dec 6, 2023.
             Slain by a death yak (9 damage)
             ... led by a torpor snail
             ... while petrified by a basilisk
             ... on level 2 of the Lair of Beasts.
             The game lasted 00:36:55 (6348 turns).

Steppenwulf the Cleaver (Minotaur Fighter)          Turns: 6348, Time: 00:36:56

Health: -3/86      AC: 15    Str: 25    XL:     10   Next: 9%
Magic:  18/18      EV:  2    Int:  5    God:
Gold:   330        SH:  0    Dex: 10    Spells: 9/9 levels left

rFire   . . .        a - +0 war axe (flame)
rCold   . . .        c - +0 buckler
rNeg    + + +        q - +1 chain mail
rPois   ∞            (helmet restricted)
rElec   .            (no cloak)
rCorr   .            t - +0 pair of gloves
SInv    .            j - +0 pair of boots
Will    .....        (no amulet) Stlth
                     m - ring of magical power
HPRegen 0.34/turn    (no ring)
MPRegen 0.16/turn

%: no passive effects
@: petrified, slowed
A: horns 2, retaliatory headbutt
a: no special abilities


You were on level 2 of the Lair of Beasts.
You visited 2 branches of the dungeon, and saw 10 of its levels.

You collected 426 gold pieces.
You spent 96 gold pieces at shops.

Inventory:

Hand Weapons
 a - a +0 war axe of flaming (weapon)
 d - a +4 quarterstaff of chaos
 l - a +0 hammer
 C - a +0 arbalest
 I - the +4 mace of World's End {flame, rN++ Int+3 Stlth+}
   (You found it on level 7 of the Dungeon)

   Int:       It affects your intelligence (+3).
   rN:        It greatly protects you from negative energy.
   Stlth:     It makes you more stealthy.
 J - the +6 sling of Dissent {heavy, Contam Will- rCorr Int+4}
   (You found it on level 7 of the Dungeon)

   Int:       It affects your intelligence (+4).
   Contam:    It causes magical contamination when unequipped.
   rCorr:     It protects you from acid and corrosion.
   Will:      It decreases your willpower.
Missiles
 f - 13 poisoned darts (quivered)
 L - 3 atropa-tipped darts
 M - 6 datura-tipped darts
 N - 2 throwing nets
Armour
 c - a +0 buckler (worn)
 j - a +0 pair of boots (worn)
 q - a +1 chain mail (worn)
 t - a +0 pair of gloves (worn)
Jewellery
 m - a ring of magical power (left hand)
 B - the ring of Amelioration {Drain rCorr Str+2 Int+2 Slay+5}
   (You found it on level 5 of the Dungeon)

   [ring of resist corrosion]

   Str:       It affects your strength (+2).
   Int:       It affects your intelligence (+2).
   Slay:      It affects your accuracy & damage with ranged weapons and melee
   (+5).
   rCorr:     It protects you from acid and corrosion.
   Drain:     It drains your maximum health when unequipped.
 G - an amulet of faith
 H - a ring of see invisible
Wands
 A - a wand of flame (10)
 K - a wand of polymorph (12)
Scrolls
 b - 2 scrolls of enchant armour
 i - 5 scrolls of teleportation
 k - a scroll of brand weapon
 n - 2 scrolls of fear
 r - a scroll of immolation
 u - 3 scrolls of vulnerability {unknown}
 v - a scroll of summoning {unknown}
 x - 3 scrolls of magic mapping {unknown}
 y - 3 scrolls of enchant weapon {unknown}
 F - 3 scrolls of identify
Potions
 g - 2 potions of brilliance
 h - 3 potions of curing
 o - 3 potions of haste
 p - 3 potions of resistance
 s - 6 potions of degeneration
 w - 2 potions of mutation
 D - a potion of might
 E - a potion of cancellation {unknown}
 O - a potion of lignification {unknown}


   Skills:
 + Level 7.4 Fighting
 + Level 12.3 Axes
 + Level 9.4 Armour
 + Level 2.3 Dodging
 + Level 0.4 Stealth
 + Level 6.8 Shields


You had 9 spell levels left.
You didn't know any spells.
Your spell library contained the following spells:

 Spells                   Type           Power      Damage    Failure   Level
 Apportation              Tloc           0%         N/A       95%         1
 Necrotise                Necr           0%         1d4       95%         1
 Summon Small Mammal      Summ           0%         N/A       95%         1
 Blink                    Tloc           0%         N/A       98%         2
 Frozen Ramparts          Ice            0%         1d1       100%        3
 Summon Guardian Golem    Hex/Summ       0%         N/A       100%        3
 Ice Form                 Ice/Tmut       0%         N/A       100%        4
 Manifold Assault         Tloc           0%         N/A       100%        4
 Summon Ice Beast         Ice/Summ       0%         N/A       100%        4
 Orb of Destruction       Conj           0%         9d5       100%        7
 Spellforged Servitor     Conj/Summ      0%         N/A       100%        7
 Storm Form               Tmut/Air       0%         N/A       100%        7


Dungeon Overview and Level Annotations

Branches:
Dungeon (8/15)             Temple (0/1) D:4            Lair (2/5) D:8
  Swamp: Lair:2-3    Shoals: Lair:2-3     Snake: Lair:2-3    Spider: Lair:2-3

Altars:
Ashenzari
Cheibriados
Gozag
Hepliaklqana
Sif Muna
Trog
The Shining One

Shops:
D:4 =[?


Innate Abilities, Weirdness & Mutations

You have a pair of horns on your head.
You reflexively headbutt those who attack you in melee.


Message History

Unknown command.
You slash the death yak! You burn the death yak.
The death yak is moderately wounded.
You slash the basilisk! You burn the basilisk. You hit the torpor snail.
You burn the torpor snail.
The basilisk bites you but does no damage.
The death yak gores you!
* * * LOW HITPOINT WARNING * * *
The torpor snail bites you.
* * * LOW HITPOINT WARNING * * *
The basilisk gazes at you. You resist with some effort.
The death yak gores you!
* * * LOW HITPOINT WARNING * * *
You feel much better. You block the basilisk's attack.
You block the death yak's attack. The torpor snail bites you.
* * * LOW HITPOINT WARNING * * *
You feel better. The basilisk gazes at you.
You are slowing down.
The death yak gores you.
* * * LOW HITPOINT WARNING * * *
The torpor snail barely misses you. You furiously retaliate!
You headbutt the torpor snail!
The death yak gores you but does no damage.
The basilisk bites you!
* * * LOW HITPOINT WARNING * * *
Unknown command.
You slash the basilisk! You burn the basilisk.
You kill the basilisk!
You barely miss the torpor snail. You hit the death yak.
You burn the death yak. The death yak gores you!
* * * LOW HITPOINT WARNING * * *
The torpor snail bites you.
* * * LOW HITPOINT WARNING * * *
The death yak barely misses you.
You have turned to stone.
The torpor snail bites you!
* * * LOW HITPOINT WARNING * * *
The death yak gores you but does no damage.
The death yak gores you!!
You die...

## .## ##############
..#########.#..#P#P#P#.## ###
..P..#...............P..#...#
<...............@w....P##....
..####...........Y...P......
.###.....................P#
.# ##...................# ##
##..............#....#
#............†.#.#...#
##.............#####..##
#..............# #...#.#####
###.........######..Fl.....#


You could see a death yak and a torpor snail.

Vanquished Creatures
  3 cane toads
  A komodo dragon (Lair:1)
  3 yaks (Lair:1)
  A wyvern (Lair:1)
  Eustachio (D:5)
  A basilisk (Lair:2)
  Edmund (D:5)
  A water moccasin (Lair:1)
  2 ice beasts
  3 black bears
  2 sky beasts (D:7)
  A centaur (D:5)
  2 phantoms
  A kobold brigand (D:7)
  7 bullfrogs
  A scorpion (D:6)
  A jelly (D:4)
  Crazy Yiuf (D:2)
  A gnoll bouda (D:8)
  A hound (D:5)
  2 sleepcaps (D:5)
  2 iguanas
  An orc wizard (D:5)
  Robin (D:2)
  7 adders
  9 gnolls
  A shadow imp (D:5)
  2 white imps (D:6)
  A worm (D:2)
  3 dart slugs
  10 orcs
  5 ball pythons
  6 endoplasms
  3 giant cockroaches
  16 goblins
  15 hobgoblins
  7 jackals
  12 quokkas
  9 bats
  6 frilled lizards
  11 kobolds
  3 rats
167 creatures vanquished.

Notes
Turn   | Place    | Note
-------+----------+-------------------------------------------
     0 | D:1      | Steppenwulf the Minotaur Fighter began the quest for the
                  | Orb.
     0 | D:1      | Reached XP level 1. HP: 19/19 MP: 0/0
   114 | D:1      | Reached XP level 2. HP: 27/27 MP: 1/1
   293 | D:1      | Reached XP level 3. HP: 31/33 MP: 2/2
   671 | D:2      | Reached skill level 3 in Axes
  1029 | D:2      | Reached XP level 4. HP: 40/40 MP: 3/3
  1049 | D:2      | Noticed Robin
  1056 | D:2      | Killed Robin
  1080 | D:2      | Reached skill level 4 in Axes
  1107 | D:2      | Found a runed translucent door.
  1108 | D:2      | Noticed Crazy Yiuf
  1114 | D:2      | Paralysed by Crazy Yiuf for 2 turns
  1127 | D:2      | Killed Crazy Yiuf
  1456 | D:2      | Reached XP level 5. HP: 41/46 MP: 4/4
  1589 | D:3      | Found a broken altar of Ashenzari.
  2157 | D:3      | Found a bloodstained altar of Trog.
  2348 | D:4      | Noticed a black bear
  2360 | D:4      | Killed a black bear
  2361 | D:4      | Reached skill level 5 in Axes
  2370 | D:4      | Found a staircase to the Ecumenical Temple.
  2415 | D:4      | Reached skill level 5 in Armour
  2418 | D:4      | Reached XP level 6. HP: 44/53 MP: 5/5
  2426 | D:4      | Found Heebruargh's Magic Scroll Shop.
  2474 | D:4      | Bought a scroll of identify for 24 gold pieces
  2474 | D:4      | Bought a scroll of identify for 24 gold pieces
  2474 | D:4      | Bought a scroll of identify for 24 gold pieces
  2474 | D:4      | Bought a scroll of identify for 24 gold pieces
  2501 | D:4      | Found Sanule's Jewellery Boutique.
  2570 | D:4      | Found Gorraoli's Antique Armour Emporium.
  2719 | D:4      | Reached skill level 1 in Dodging
  2813 | D:5      | Entered Level 5 of the Dungeon
  2817 | D:5      | Reached skill level 6 in Axes
  2868 | D:5      | Reached skill level 5 in Shields
  2868 | D:5      | Reached XP level 7. HP: 40/60 MP: 6/6
  2959 | D:5      | Noticed Edmund
  2968 | D:5      | Killed Edmund
  2969 | D:5      | Reached skill level 7 in Axes
  3157 | D:5      | Found a shimmering blue altar of Sif Muna.
  3173 | D:5      | Reached skill level 5 in Fighting
  3173 | D:5      | Reached skill level 8 in Axes
  3357 | D:5      | Noticed Eustachio
  3387 | D:5      | Killed Eustachio
  3388 | D:5      | Reached XP level 8. HP: 44/68 MP: 7/7
  3412 | D:5      | Found a sand-covered staircase.
  3518 | D:5      | Identified the ring of Amelioration {Drain rCorr Str+2
                  | Int+2 Slay+5}
  3632 | D:5      | Found an opulent altar of Gozag.
  3674 | D:5      | Found a snail-covered altar of Cheibriados.
  3849 | D:6      | Reached skill level 9 in Axes
  4437 | D:7      | Found a hazy altar of Hepliaklqana.
  4461 | D:7      | Found a glowing golden altar of the Shining One.
  4465 | D:7      | Identified the +4 mace of World's End {flame, rN++ Int+3
                  | Stlth+}
  4569 | D:7      | Identified the +6 sling of Dissent {heavy, Contam Will-
                  | rCorr Int+4}
  4622 | D:7      | Reached skill level 10 in Axes
  4927 | D:8      | Reached XP level 9. HP: 74/75 MP: 8/8
  5071 | D:8      | Found a staircase to the Lair.
  5077 | Lair:1   | Entered Level 1 of the Lair of Beasts
  5327 | Lair:1   | Noticed a cane toad
  5334 | Lair:1   | Killed a cane toad
  5335 | Lair:1   | Reached skill level 11 in Axes
  5342 | Lair:1   | Noticed a komodo dragon
  5355 | Lair:1   | Killed a komodo dragon
  5579 | Lair:1   | Noticed a cane toad
  5590 | Lair:1   | Killed a cane toad
  5591 | Lair:1   | HP: 1/78 [yak (9)]
  5598 | Lair:1   | Reached skill level 12 in Axes
  6311 | Lair:2   | Noticed a cane toad
  6315 | Lair:2   | Killed a cane toad
  6316 | Lair:2   | Reached XP level 10. HP: 74/86 MP: 9/9
  6317 | Lair:2   | Noticed a torpor snail
  6317 | Lair:2   | Noticed a death yak
  6317 | Lair:2   | Noticed a cane toad
  6343 | Lair:2   | HP: 4/86 [death yak[a torpor snail] (9)]
  6348 | Lair:2   | Slain by a death yak

Illustrated notes

Levels and vault maps discovered:
D:1:      reono_arrival_mine, layout_rooms,
          nicolae_concentric_dashed_squares_mild
D:2:      minmay_wonky_spiral, layout_basic, serial_bayou, serial_bayou_shore_a,
          serial_bayou_pond_c, serial_bayou_pond_b, serial_bayou_crossing,
          st_stairs_3, uniq_crazy_yiuf_cottage, uniq_robin
D:3:      layout_loops_corners, mainiacjoe_overflow_24_doors,
          cheibrodos_ashenzari_chains
D:4:      layout_cave_pools, minmay_temple_entry_trees, serial_shops, shop,
          nicolae_shop_tiny_glass, shop, reono_crystal_passage
D:5:      layout_rooms, mainiacjoe_overflow_small_starburst,
          mainiacjoe_overflow_two_lobes, enter_ossuary_5, nrook_loot_triangle,
          minmay_misc_feat_pillars, uniq_eustachio, uniq_edmund
D:6:      layout_basic
D:7:      layout_gridville, worldfamousw_hep_ancestral_shrine,
          overflow_temple_1_default
D:8:      statuecave_lemuel, layout_basic
Lair:1:   layout_cave_pods
Lair:2:   layout_cave_pods, nicolae_lair_lindhole

Skill      XL: |  1  2  3  4  5  6  7  8  9 |
---------------+----------------------------+-----
Armour         | 4 5 6 7 9 |  9.4
Shields        | 4 5 6 |  6.8
Axes           | 3 4 5 6 8 10 12 | 12.3
Fighting       | 4 5 7 |  7.4
Dodging        | 1 2 |  2.3
Stealth        | |  0.4

Action                     |  1- 3 |  4- 6 |  7- 9 | 10-12 || total
---------------------------+-------+-------+-------+-------++-------
  Melee: War axe           |   102 |   139 |   222 |     3 ||   466
         Headbutt          |    15 |    27 |    36 |       ||    78
  Evoke: Wand              |       |       |       |     1 ||     1
    Use: Scroll            |     3 |     1 |     9 |     1 ||    14
         Potion            |       |     2 |     1 |     4 ||     7
 Armour: Scale mail        |    48 |       |       |       ||    48
         Chain mail        |     4 |    79 |   130 |    10 ||   223
         Skin              |     1 |       |       |       ||     1
  Dodge: Dodged            |    46 |    68 |   105 |     5 ||   224
  Block: Buckler           |    24 |    45 |    48 |     3 ||   120
